 Dungeon Crawl Stone Soup version 0.28-a0-845-gfc338a8e3c (webtiles) character file.

Game seed: 16669784057634211363

481 Astera the Ruffian (level 7, -1/56 HPs)
             Began as a Ghoul Gladiator on Nov 13, 2021.
             Was a Priest of Makhleb.
             Slain by Natasha (8 damage)
             ... on level 4 of the Dungeon.
             The game lasted 00:17:25 (4871 turns).

Astera the Ruffian (Ghoul Gladiator)                Turns: 4871, Time: 00:17:26

Health: -1/56      AC:  6    Str: 19    XL:     7   Next: 12%
Magic:  8/8        EV: 12    Int:  4    God:    Makhleb [***...]
Gold:   238        SH:  0    Dex: 10    Spells: 8/9 levels left

rFire   . . .      SeeInvis .     - Unarmed
rCold   + . .      Faith    .   (no shield)
rNeg    + + +      Spirit   .   a - +1 leather armour
rPois   ∞          Reflect  .   h - +2 hat
rElec   .          Harm     .   (no cloak)
rCorr   .          Rampage  .   (no gloves)
Will    .....                   (no boots)
Stlth   ++........              (no amulet)
HPRegen 0.00/turn               (no ring)
MPRegen 0.11/turn               (no ring)

@: inhibited regen, slowed, very slow
A: claws 1, cold resistance 1, negative energy resistance 3, inhibited
regeneration, torment resistance 2
a: Renounce Religion, Minor Destruction, Lesser Servant of Makhleb


You were on level 4 of the Dungeon.
You worshipped Makhleb.
Makhleb was most pleased with you.
You visited 1 branch of the dungeon, and saw 4 of its levels.
You also visited: Sewer.

You collected 238 gold pieces.

Inventory:

Missiles
 c - 2 throwing nets
Armour
 a - a +1 leather armour (worn)
 h - a +2 hat (worn)
Wands
 l - a wand of iceblast (7)
Scrolls
 d - a scroll of amnesia
 g - 2 scrolls of teleportation
 j - 2 scrolls of enchant armour
 o - 3 scrolls of fog
Potions
 b - a potion of invisibility {unknown}
 e - 2 potions of might {unknown}
 f - a potion of cancellation {unknown}
 i - a potion of haste {unknown}
 k - a potion of berserk rage {unknown}
 m - 4 potions of curing
 n - 5 potions of flight
 p - a potion of mutation {unknown}


   Skills:
 + Level 2.7 Fighting
 + Level 1.7 Throwing
 + Level 2.0 Armour
 + Level 3.6 Dodging
 + Level 2.6 Stealth
 + Level 5.9 Unarmed Combat
 + Level 1.6 Spellcasting
 + Level 1.0 Conjurations


You had 8 spell levels left.
You knew the following spells:

 Your Spells              Type           Power      Damage    Failure   Level
a - Magic Dart            Conj           4%         1d3       36%         1

Your spell library contained the following spells:

 Spells                   Type           Power      Damage    Failure   Level
 Searing Ray              Conj           2%         2d4       50%         2
 Fulminant Prism          Conj/Hex       0%         3d6       99%         4


Dungeon Overview and Level Annotations

Branches:
Dungeon (4/15)              Sewer (visited)
 Temple: D:4-7

Altars:
Makhleb
Beogh

Shops:
D:3 !

Annotations:
D:4 Natasha


Innate Abilities, Weirdness & Mutations

You thrive by killing the living.
You are immune to poison.
You have sharp fingernails.
Your flesh is cold resistant. (rC+)
You are immune to negative energy. (rN+++)
You do not regenerate when monsters are visible.
You are immune to unholy pain and torment.


Message History

The shadow imp disappears in a puff of smoke!
Natasha barely misses you.
Natasha mumbles some strange words.
Natasha glows brightly for a moment.
Natasha closely misses you.
You barely miss Natasha.
Natasha is moderately wounded.
Natasha closely misses you.
You scratch Natasha.
Natasha is heavily wounded.
Natasha barely misses you.
You scratch Natasha.
Natasha is severely wounded.
Natasha drinks a potion.
Natasha is healed!
Natasha closely misses you.
You closely miss Natasha.
Natasha is moderately wounded.
Natasha misses you.
You scratch Natasha.
Natasha is moderately wounded.
Natasha closely misses you.
You closely miss Natasha.
Natasha is moderately wounded.
Natasha barely misses you. Natasha casts a spell at you.
The magic dart hits you.
* * * LOW HITPOINT WARNING * * *
You scratch Natasha.
Natasha is heavily wounded.
Natasha claws you.
* * * LOW HITPOINT WARNING * * *
You scratch Natasha but do no damage.
Natasha is heavily wounded.
Natasha claws you.
* * * LOW HITPOINT WARNING * * *
You scratch Natasha.
Natasha is heavily wounded.
Natasha wildly gestures.
You feel troubled. Natasha claws you!
You die...

########..###############.
##..##....§§§§§§§§#.
##...##.##########§#.
##.......# #........
#........### #.####.#.
#...>......###.# #.#. ☼
#..............# #.#.
..##### ##.....#)#.....#
##.## .(..?§(##
##..@.#.####.####...#
$..§§§..#
####h#.##...........
$..§§...#
##.#.##.#.####...#
..#####.##
#####.................
##.###..................<##
#.....5###...#####.#######
##.##### ##.## #.#
..#####.## #.# #.#
...5)5.## #.. ..#


You could see Natasha.

Vanquished Creatures
  An ogre (D:4)
  A hound (D:4)
  An orc priest (D:3)
  Natasha (twice) (D:4)
  2 orc wizards
  5 adders
  4 gnolls
  7 worms
  5 dart slugs
  6 orcs
  10 ball pythons
  14 bats
  7 endoplasms
  7 giant cockroaches
  7 goblins
  7 hobgoblins
  15 jackals
  9 quokkas
  4 frilled lizards
  3 kobolds
  8 rats
125 creatures vanquished.

Notes
Turn   | Place    | Note
-------+----------+-------------------------------------------
     0 | D:1      | Astera the Ghoul Gladiator began the quest for the Orb.
     0 | D:1      | Reached XP level 1. HP: 17/17 MP: 0/0
    75 | D:1      | Reached XP level 2. HP: 23/25 MP: 1/1
   393 | D:1      | Reached XP level 3. HP: 30/30 MP: 2/2
   659 | D:1      | Found a faded altar of an unknown god.
   662 | D:1      | Prayed at the altar of an unknown god.
   662 | D:1      | Became a worshipper of Makhleb the Destroyer
   662 | D:1      | Reached * piety under Makhleb
   843 | D:2      | Reached skill level 4 in Unarmed Combat
   866 | D:2      | Learned a level 1 spell: Magic Dart
  1079 | D:2      | Reached skill level 1 in Armour
  1134 | D:2      | Reached XP level 4. HP: 29/37 MP: 1/4
  1613 | D:2      | Reached ** piety under Makhleb
  1970 | D:3      | Reached XP level 5. HP: 42/42 MP: 2/5
  2422 | D:2      | Reached skill level 1 in Spellcasting
  2698 | D:3      | Reached skill level 5 in Unarmed Combat
  2924 | D:3      | Found Jias's Distillery.
  3213 | D:3      | Reached XP level 6. HP: 38/50 MP: 6/6
  3661 | D:4      | Noticed Natasha
  3718 | D:4      | Killed Natasha
  3855 | D:4      | Noticed Natasha
  3866 | D:4      | Killed Natasha
  4024 | D:4      | Found a glowing drain.
  4041 | Sewer    | Entered a sewer
  4137 | Sewer    | Reached *** piety under Makhleb
  4659 | Sewer    | Reached skill level 1 in Conjurations
  4843 | D:4      | Noticed Natasha
  4847 | D:4      | Reached XP level 7. HP: 26/56 MP: 8/8
  4871 | D:4      | Slain by Natasha

Illustrated notes

Levels and vault maps discovered:
D:1:      grunt_arrival_lava_bath, layout_basic,
          hellmonk_ecumenical_altar_defaced_shrine
D:2:      minmay_recursive_quarters, layout_loops_ring,
          kennysheep_decorative_pillar, minmay_hexomino_p4
D:3:      layout_loops_ring, serial_shops, shop_fountains
D:4:      layout_loops_ring, portal_sewer_entry_f, minmay_door_square,
          minmay_misc_feat_room, lemuel_flame_loot_1, uniq_ijyb, uniq_natasha

Skill      XL: |  1  2  3  4  5  6 |
---------------+-------------------+-----
Dodging        | 3 |  3.6
Unarmed Combat | 4 5 |  5.9
Armour         | 1 2 |  2.0
Stealth        | 2 |  2.6
Spellcasting   | 1 |  1.6
Conjurations   | 1 |  1.0
Fighting       | |  2.7
Throwing       | |  1.7

Action                   |  1- 3 |  4- 6 |  7- 9 || total
-------------------------+-------+-------+-------++-------
Melee: Unarmed           |   112 |   309 |    11 ||   432
       Punch             |     1 |     5 |       ||     6
Throw: Throwing net      |       |     1 |       ||     1
 Cast: Magic Dart        |     5 |    44 |       ||    49
  Use: Scroll            |       |     7 |       ||     7
       Potion            |       |     2 |       ||     2
 Stab: Sleeping          |       |     2 |       ||     2
Armor: Leather armour    |    40 |   110 |     1 ||   151
Dodge: Dodged            |    61 |   210 |     9 ||   280

Table legend: (Time is in decaauts)
 A = Elapsed time spent in this place.
 B = Non-inter-level travel time spent in this place.
 C = Inter-level travel time spent in this place.
 D = Time resting spent in this place.
 E = Time spent auto-exploring this place.
 F = Levels seen in this place.
 G = Mean time per level.
                   A        B        C        D        E       F      G
               +--------+--------+--------+--------+--------+-----+--------+
         Total |   4993 |   4905 |     88 |    890 |   2091 |   5 |  998.6 |
       Dungeon |   4143 |   4055 |     88 |    777 |   1980 |   4 | 1035.8 |
         Sewer |    849 |    849 |      0 |    113 |    111 |   1 |  849.0 |
               +--------+--------+--------+--------+--------+-----+--------+

Top non-repeatable levels by time:
     D:2: 1807 daAuts
     D:3: 1117 daAuts
   Sewer: 849 daAuts
     D:1: 696 daAuts
     D:4: 523 daAuts
